3323 views
Uploaded 2020-04-22 19:30:15
Game version 1.32.3
8:47 long 2on2 ladder game on (4)TurtleRock
Saved by zebroni
3323 views
Uploaded 2020-04-22 19:30:15
Game version 1.32.3
8:47 long 2on2 ladder game on (4)TurtleRock
43 units @ 4.5k
/ 0.4k
23 buildings @ 3.3k
/ 1.5k


| Staff of Preservation | 1 | 150 |
| Dust of Appearance | 1 | 75 |
| Staff of Teleportation | 1 | 150 |
| total: | 3 | 375g |
| Wisp | 16 | 960 | / | 0 |
| Archer | 5 | 650 | / | 50 |
| Dryad | 2 | 290 | / | 120 |
| total: | 23 | 1900g | / | 170w |
| Altar of Elders | 1 | 180 | / | 50 |
| Ancient of War | 1 | 150 | / | 60 |
| Moon Well | 3 | 540 | / | 120 |
| Ancient of Wonders | 2 | 180 | / | 60 |
| Hunter's Hall | 1 | 210 | / | 100 |
| Tree of Life | 1 | 340 | / | 185 |
| Ancient of Lore | 3 | 465 | / | 435 |
| Tree of Ages | 1 | 320 | / | 180 |
| Tree of Eternity | 1 | 330 | / | 200 |
| total: | 12 | 2065g | / | 1010w |
| 0:02 | Wisp |
| 0:05 | Altar of Elders |
| 0:13 | Ancient of War |
| 0:17 | Moon Well |
| 0:24 | Wisp |
| 0:34 | Wisp |
| 0:46 | Wisp |
| 0:54 | Wisp |
| 1:01 | Wisp |
| 1:18 | Archer |
| 1:19 | Wisp |
| 1:21 | Wisp |
| 1:40 | Moon Well |
| 1:51 | Wisp |
| 2:04 | Mana Burn |
| 2:25 | Ancient of Wonders |
| 2:33 | Wisp |
| 2:33 | Wisp |
| 2:48 | Tree of Ages |
| 2:55 | Ancient of Wonders |
| 3:04 | Archer |
| 3:04 | Archer |
| 3:25 | Moon Well |
| 3:54 | Archer |
| 3:57 | Archer |
| 4:18 | Hunter's Hall |
| 5:04 | Staff of Teleportation |
| 5:05 | Dust of Appearance |
| 5:25 | Frost Arrows |
| 5:27 | Staff of Preservation |
| 5:30 | Evasion |
| 5:43 | Ancient of Lore |
| 6:00 | Ancient of Lore |
| 6:01 | Wisp |
| 6:40 | Tree of Life |
| 6:45 | Wisp |
| 6:45 | Wisp |
| 7:00 | Dryad |
| 7:14 | Forked Lightning |
| 7:16 | Abolish Magic |
| 7:30 | Dryad |
| 7:55 | Mana Burn |
| 7:55 | Mana Burn |
| 8:01 | Ancient of Lore |
| 8:11 | Wisp |
| 8:11 | Wisp |
| 8:40 | Tree of Eternity |


| Scroll of Regeneration | 1 | 100 |
| Potion of Healing | 1 | 150 |
| total: | 2 | 250g |
| Peasant | 9 | 675 | / | 0 |
| Footman | 3 | 405 | / | 0 |
| Rifleman | 6 | 1230 | / | 180 |
| Priest | 2 | 270 | / | 20 |
| total: | 20 | 2580g | / | 200w |
| Altar of Kings | 1 | 180 | / | 50 |
| Farm | 6 | 480 | / | 120 |
| Barracks | 1 | 160 | / | 60 |
| Blacksmith | 1 | 140 | / | 60 |
| Arcane Vault | 1 | 130 | / | 30 |
| Arcane Sanctum | 1 | 150 | / | 140 |
| Keep | 1 | 320 | / | 210 |
| total: | 11 | 1240g | / | 460w |
| 0:02 | Peasant |
| 0:03 | Peasant |
| 0:06 | Altar of Kings |
| 0:18 | Farm |
| 0:19 | Barracks |
| 0:30 | Peasant |
| 0:39 | Peasant |
| 0:50 | Peasant |
| 0:53 | Farm |
| 1:20 | Footman |
| 1:25 | Farm |
| 1:27 | Peasant |
| 1:44 | Footman |
| 1:45 | Peasant |
| 1:57 | Peasant |
| 2:08 | Summon Water Elemental |
| 2:12 | Footman |
| 2:12 | Peasant |
| 2:39 | Keep |
| 3:22 | Blacksmith |
| 3:24 | Farm |
| 4:27 | Farm |
| 4:32 | Rifleman |
| 4:44 | Arcane Vault |
| 4:52 | Brilliance Aura |
| 4:55 | Rifleman |
| 5:02 | Arcane Sanctum |
| 5:33 | Long Rifles |
| 5:44 | Rifleman |
| 5:53 | Priest |
| 6:13 | Farm |
| 6:14 | Scroll of Regeneration |
| 6:31 | Storm Bolt |
| 6:36 | Summon Water Elemental |
| 6:50 | Priest |
| 6:51 | Rifleman |
| 6:58 | Potion of Healing |
| 7:13 | Rifleman |
| 7:43 | Rifleman |
| 8:14 | Thunder Clap |
/ 0.3k
18 buildings @ 3k
/ 1.2k

| Wisp | 22 | 1320 | / | 0 |
| Huntress | 6 | 1170 | / | 120 |
| total: | 28 | 2490g | / | 120w |
| Altar of Elders | 1 | 180 | / | 50 |
| Moon Well | 3 | 540 | / | 120 |
| Ancient of War | 3 | 450 | / | 180 |
| Hunter's Hall | 1 | 210 | / | 100 |
| Ancient of Lore | 3 | 465 | / | 435 |
| Tree of Ages | 1 | 320 | / | 180 |
| total: | 11 | 1845g | / | 885w |
| 0:05 | Wisp |
| 0:05 | Wisp |
| 0:13 | Altar of Elders |
| 0:21 | Moon Well |
| 0:22 | Wisp |
| 0:37 | Wisp |
| 0:37 | Wisp |
| 0:45 | Wisp |
| 0:56 | Wisp |
| 0:56 | Wisp |
| 1:26 | Wisp |
| 1:55 | Ancient of War |
| 1:59 | Hunter's Hall |
| 2:01 | Wisp |
| 2:01 | Wisp |
| 2:11 | Moon Well |
| 2:20 | Entangling Roots |
| 2:46 | Ancient of War |
| 3:01 | Wisp |
| 3:08 | Wisp |
| 3:08 | Wisp |
| 3:23 | Wisp |
| 3:24 | Huntress |
| 3:24 | Huntress |
| 3:34 | Wisp |
| 3:34 | Wisp |
| 3:46 | Ancient of War |
| 4:32 | Tree of Ages |
| 4:52 | Huntress |
| 5:01 | Moon Well |
| 5:15 | Ultravision |
| 5:39 | Huntress |
| 5:58 | Huntress |
| 6:28 | Huntress |
| 6:52 | Force of Nature |
| 7:04 | Wisp |
| 7:04 | Wisp |
| 7:06 | Ancient of Lore |
| 7:17 | Wisp |
| 8:14 | Wisp |
| 8:14 | Wisp |
| 8:16 | Ancient of Lore |
| 8:27 | Ancient of Lore |

| Acolyte | 2 | 150 | / | 0 |
| Ghoul | 7 | 840 | / | 0 |
| Crypt Fiend | 4 | 860 | / | 160 |
| total: | 13 | 1850g | / | 160w |
| Spirit Tower | 1 | 145 | / | 40 |
| Altar of Darkness | 1 | 180 | / | 50 |
| Ziggurat | 4 | 600 | / | 200 |
| Crypt | 1 | 200 | / | 50 |
| Graveyard | 1 | 215 | / | 0 |
| Halls of the Dead | 1 | 320 | / | 210 |
| total: | 7 | 1195g | / | 300w |
| 0:07 | Acolyte |
| 0:08 | Acolyte |
| 0:31 | Altar of Darkness |
| 0:36 | Ziggurat |
| 0:48 | Crypt |
| 1:42 | Ziggurat |
| 1:52 | Ghoul |
| 1:52 | Ghoul |
| 1:53 | Ghoul |
| 1:57 | Ghoul |
| 2:01 | Ghoul |
| 2:32 | Death Coil |
| 3:12 | Ghoul |
| 3:12 | Ghoul |
| 4:41 | Halls of the Dead |
| 4:45 | Ziggurat |
| 4:49 | Graveyard |
| 5:09 | Cannibalize |
| 6:05 | Ziggurat |
| 6:53 | Crypt Fiend |
| 6:54 | Crypt Fiend |
| 6:55 | Crypt Fiend |
| 7:02 | Spirit Tower |
| 7:10 | Unholy Armor |
| 8:11 | Crypt Fiend |